 Dungeon Crawl Stone Soup version 0.20-a0-640-g62ed22f (webtiles) character file.

4228 Klosterheim the Spear-Bearer (level 10, 0/77 HPs)
             Began as a Hill Orc Fighter on Feb 12, 2017.
             Was an Initiate of Ashenzari.
             Succumbed to an orc wizard's poison
             ... on level 8 of the Dungeon.
             The game lasted 00:18:54 (9856 turns).

Klosterheim the Spear-Bearer (Hill Orc Fighter)     Turns: 9856, Time: 00:18:54

Health: 0/77       AC: 16    Str: 23    XL:     10   Next: 30%
Magic:  10/10      EV:  7    Int:  8    God:    Ashenzari [......]
Gold:   410        SH:  0    Dex: 10    Spells: 9/9 levels left

rFire    . . .     SeeInvis .   d - +2 halberd
rCold    . . .     Gourm    .   s - +0 plate armour (curse)
rNeg     . . .     Faith    .   (shield currently unavailable)
rPois    +         Spirit   .   (helmet restricted)
rElec    .         Reflect  .   j - +1 cloak (curse)
rCorr    .         Harm     .   (no gloves)
MR       +....                  (no boots)
Stlth    ..........             (no amulet)
Regen    0.3/turn               (no ring)
MPRegen  0.2/turn               a - ring of protection from magic (curse)

@: lethally poisoned (0 -> -1)
A: antennae 1, poison resistance, screaming 1
a: Curse Item, Renounce Religion


You were on level 8 of the Dungeon.
You worshipped Ashenzari.
Ashenzari was noncommittal.
You were not hungry.

You visited 2 branches of the dungeon, and saw 9 of its levels.

You collected 410 gold pieces.

Inventory:

Hand Weapons
 d - a +2 halberd (weapon)
Armour
 j - a cursed +1 cloak (worn)
 s - a cursed +0 plate armour (worn)
Jewellery
 a - a cursed ring of protection from magic (left hand)
 o - an uncursed ring of flight
Wands
 b - a wand of iceblast (5/15)
 c - a wand of confusion (21/48)
 i - a wand of confusion (31/48)
 u - a wand of scattershot (0/9)
 w - a wand of confusion (23/48)
 x - a wand of digging (13/24)
Scrolls
 e - 5 scrolls of teleportation
 l - 9 scrolls of identify
 p - 3 scrolls of recharging
 q - 2 scrolls of remove curse
 v - a scroll of blinking
 y - a scroll of magic mapping
Potions
 n - a potion of brilliance
Books
 t - a book of Callings

   Spells                             Type                      Level
   a - Summon Small Mammal            Summoning                    1
   b - Call Imp                       Summoning                    2
   c - Call Canine Familiar           Summoning                    3
   d - Summon Guardian Golem          Hexes/Summoning              3
   e - Summon Lightning Spire         Summoning/Air                4
   f - Summon Ice Beast               Ice/Summoning                4
Comestibles
 f - 7 bread rations
 g - 5 royal jellies
 h - 13 fruits
 m - 3 meat rations


   Skills:
 - Level 3.6 Fighting
 + Level 13.6 Polearms
 * Level 8.4 Armour
   Level 3.2 Shields


You had 9 spell levels left.
You didn't know any spells.

Dungeon Overview and Level Annotations

Branches:
Dungeon (8/15)             Temple (1/1) D:6
   Lair: D:8-11

Altars:
Ashenzari
Cheibriados
Dithmenos
Elyvilon
Fedhas
Gozag
Hepliaklqana
Kikubaaqudgha
Makhleb
Nemelex Xobeh
Okawaru
Qazlal
Ru
Sif Muna
Trog
Uskayaw
Vehumet
Xom
Yredelemnul
Zin
The Shining One

Shops:
D:5 *


Innate Abilities, Weirdness & Mutations

You have a pair of small antennae on your head.
Your system is resistant to poisons. (rPois)
You occasionally shout uncontrollably at your foes.


Message History

* * * LOW HITPOINT WARNING * * *
You feel sick.
* * * LOW HITPOINT WARNING * * *
You feel sick.
* * * LOW HITPOINT WARNING * * *
You feel sick.
Okay, then.
* * * LOW HITPOINT WARNING * * *
You feel sick.
* * * LOW HITPOINT WARNING * * *
You feel sick.
* * * LOW HITPOINT WARNING * * *
You feel sick.
You see here 9 poisoned needles.
* * * LOW HITPOINT WARNING * * *
You feel sick.
* * * LOW HITPOINT WARNING * * *
You feel sick.
All of the chunks of flesh in your inventory have rotted away.
You die...

######## # #......# # #########
#.####.# # #.......# #.# #.####
#...@...# #.# #...## #.......#
#.######.## #############.......#
#........>.
....................##########.##
.......######....)...(..# #...
.......# #...[)()....#########
.......# #....)##..(.(........
######## #...(.##...(######### #
#####.##..(.#


There were no monsters in sight!

Vanquished Creatures
  The ghost of HEYYEYAAE the Cudgeler, an amateur TrBe of Trog (D:4)
  2 hippogriffs
  A spriggan (D:7)
  Grum (D:8)
  3 orc warriors
  A phantom (D:8)
  The ghost of Klosterheim the Poker, an amateur HOFi (D:3)
  3 ice beasts
  4 wolves (D:8)
  A centaur (D:8)
  A big kobold (D:8)
  Blork the orc (D:6)
  2 bullfrogs
  A scorpion (D:4)
  13 wights
  2 howler monkeys
  2 crimson imps (D:7)
  A centaur zombie (D:6)
  2 hounds (D:7)
  2 jellies
  A centaur skeleton (D:6)
  5 orc priests
  A bullfrog skeleton (D:5)
  6 orc wizards
  3 iguanas
  Jessica (D:2)
  Ijyb (D:2)
  7 worker ants
  A hound zombie (D:7)
  7 gnolls
  8 adders
  3 oozes
  An adder skeleton (D:8)
  2 worms (D:2)
  3 dart slugs
  5 leopard geckos
  37 orcs
  8 bats
  10 giant cockroaches
  12 goblins
  6 hobgoblins
  11 jackals
  15 kobolds
  A quokka (D:6)
  5 ball pythons
  9 frilled lizards
  A jackal skeleton (D:4)
  7 rats
222 creatures vanquished.

Notes
Turn   | Place    | Note
-------+----------+-------------------------------------------
     0 | D:1      | Klosterheim the Hill Orc Fighter began the quest for the Orb.
     0 | D:1      | Reached XP level 1. HP: 19/19 MP: 1/1
    81 | D:1      | Reached skill level 3 in Polearms
    81 | D:1      | Reached XP level 2. HP: 22/26 MP: 2/2
   408 | D:1      | Reached XP level 3. HP: 30/31 MP: 3/3
   581 | D:1      | Reached skill level 4 in Polearms
   789 | D:2      | Noticed Ijyb
   816 | D:2      | Killed Ijyb
   816 | D:2      | Reached XP level 4. HP: 18/39 MP: 4/4
  1152 | D:2      | Reached skill level 5 in Polearms
  1220 | D:2      | Reached XP level 5. HP: 36/45 MP: 5/5
  1305 | D:2      | Noticed Jessica
  1318 | D:2      | Killed Jessica
  1559 | D:2      | Reached skill level 6 in Polearms
  1920 | D:3      | Found a sparkling altar of Nemelex Xobeh.
  1920 | D:3      | Found a glowing golden altar of the Shining One.
  1921 | D:3      | Found a white marble altar of Elyvilon.
  2266 | D:3      | Found an iron altar of Okawaru.
  2320 | D:2      | Reached XP level 6. HP: 43/51 MP: 6/6
  2557 | D:3      | Noticed Klosterheim's ghost (amateur HOFi)
  2566 | D:3      | Killed Klosterheim's ghost
  2566 | D:3      | Reached skill level 7 in Polearms
  2833 | D:3      | Noticed an ice beast
  2841 | D:3      | Killed an ice beast
  3049 | D:3      | Found a shadowy altar of Dithmenos.
  3171 | D:4      | Reached skill level 8 in Polearms
  3171 | D:4      | Reached XP level 7. HP: 49/57 MP: 7/7
  3196 | D:4      | Noticed HEYYEYAAE's ghost (amateur TrBe)
  3209 | D:4      | Killed HEYYEYAAE's ghost
  3209 | D:4      | Reached skill level 9 in Polearms
  3668 | D:4      | Reached XP level 8. HP: 64/64 MP: 8/8
  3675 | D:4      | Reached skill level 10 in Polearms
  4626 | D:5      | Entered Level 5 of the Dungeon
  4678 | D:5      | Found Hinegh's Assorted Antiques.
  4751 | D:5      | Reached skill level 11 in Polearms
  4853 | D:5      | Got a steaming leather armour
  4864 | D:5      | Identified the +2 leather armour of Futen {rC+ Str+4} (You found it on level 5 of the Dungeon)
  5689 | D:6      | Noticed Blork the orc
  5690 | D:6      | Reached skill level 12 in Polearms
  5690 | D:6      | Reached XP level 9. HP: 24/70 MP: 9/9
  5914 | D:6      | Killed Blork the orc
  6403 | D:6      | Found a staircase to the Ecumenical Temple.
  6422 | Temple   | Entered the Ecumenical Temple
  6613 | Temple   | Became a worshipper of Ashenzari the Shackled
  7147 | D:7      | Reached skill level 13 in Polearms
  7225 | D:7      | Reached skill level 5 in Armour
  7628 | D:6      | HP: 2/70 [something (4)]
  8376 | D:7      | Found a stormy altar of Qazlal.
  9029 | D:8      | Noticed Grum
  9054 | D:8      | Reached XP level 10. HP: 30/77 MP: 10/10
  9100 | D:8      | Killed Grum
  9108 | D:8      | HP: 3/77 [poisoned by a kobold]
  9115 | D:8      | HP: 3/77 [poisoned by a kobold]
  9123 | D:8      | HP: 2/77 [poisoned by a kobold]
  9832 | D:8      | Gained mutation: You have a pair of small antennae on your head. [potion of mutation]
  9832 | D:8      | Gained mutation: You occasionally shout uncontrollably at your foes. [potion of mutation]
  9832 | D:8      | Gained mutation: Your system is resistant to poisons. (rPois) [potion of mutation]
  9846 | D:8      | HP: 3/77 [poisoned by an orc wizard]
  9851 | D:8      | HP: 1/77 [poisoned by an orc wizard]
  9856 | D:8      | Succumbed to an orc wizard's poison

Vault maps used:
D:1:      saegor_arrival_under_anarchy
D:2:      kennysheep_the_goblin_king, grunt_decor_cap,
          kennysheep_generic_room_11, uniq_jessica
D:3:      nicolae_overflow_quartered_altars, first_bread,
          okawaru_metal_pillars_1_2
D:5:      serial_shops, shop, kennysheep_boxes
D:6:      minmay_temple_entry_statues_pillars, uniq_blork_the_orc
D:7:      kennysheep_mini, the_bakery
D:8:      serial_shops, shop, uniq_gastronok, uniq_grum, uniq_joseph
Temple:   nicolae_temple_elliptical

Skill      XL: |  1  2  3  4  5  6  7  8  9 10 |
---------------+-------------------------------+-----
Polearms       | 3 4 5 6 8 9 12 13 | 13.6
Armour         | 7 8 |  8.4
Fighting       | |  3.6
Shields        | |  3.2

Action                   |  1- 3 |  4- 6 |  7- 9 | 10-12 || total
-------------------------+-------+-------+-------+-------++-------
Melee: Trident           |   133 |   179 |       |       ||   312
       Halberd           |       |    38 |   411 |    91 ||   540
Invok: Curse Item        |       |       |     3 |       ||     3
Evoke: Wand              |       |       |     3 |     8 ||    11
  Use: Scroll            |     1 |       |    14 |       ||    15
       Potion            |       |     1 |     4 |     3 ||     8
 Stab: Confused          |       |       |       |     1 ||     1
  Eat: Chunk             |       |     8 |     9 |     3 ||    20
       Meat ration       |       |       |     1 |       ||     1
       Bread ration      |       |       |     1 |       ||     1
Armor: Scale mail        |    62 |    84 |    33 |       ||   179
       Skin              |       |       |     1 |    35 ||    36
       Leather armour    |       |       |    29 |       ||    29
       Plate armour      |       |       |   119 |    42 ||   161
Dodge: Dodged            |    58 |    62 |   175 |    29 ||   324
Block: Shield            |    63 |    94 |       |       ||   157
